 Dungeon Crawl Stone Soup version 0.29.0-4-gdea44cf6ec (webtiles) character file.

Game seed: 12914340300355403143

78 qw the Chopper (level 4, -2/26 HPs)
             Began as a Tengu Warper on Aug 28, 2022.
             Slain by an orc
             ... wielding a +0 hand axe
              (4 damage)
             ... on level 3 of the Dungeon.
             The game lasted 00:00:13 (3134 turns).

qw the Chopper (Tengu Warper)                       Turns: 3134, Time: 00:00:14

Health: -2/26      AC:  3    Str: 13    XL:     4   Next: 36%
Magic:  8/8        EV: 12    Int: 14    God:
Gold:   161        SH:  0    Dex: 13    Spells: 7/7 levels left

rFire   + . .      SeeInvis .   Y - +0 hand axe
rCold   . . .      Faith    .   (no shield)
rNeg    . . .      Spirit   .   f - +0 leather armour {rF+}
rPois   .          Reflect  .   (helmet restricted)
rElec   .          Harm     .   (no cloak)
rCorr   .          Rampage  .   (no gloves)
Will    .....                   (boots unavailable)
Stlth   +.........              (no amulet)
HPRegen 0.08/turn               (no ring)
MPRegen 0.11/turn               (no ring)

@: no status effects
A: beak, talons 3
a: no special abilities


You were on level 3 of the Dungeon.
You visited 1 branch of the dungeon, and saw 3 of its levels.

You collected 161 gold pieces.


Innate Abilities, Weirdness & Mutations

You have a beak for a mouth.
You have claws for feet.


   Skills:
 - Level 2.0 Fighting
 + Level 4.9 Axes
 - Level 1.0 Throwing
 - Level 1.1 Armour
 - Level 2.1 Dodging
 - Level 2.0 Spellcasting
 - Level 2.4 Translocations


You had 7 spell levels left.
You didn't know any spells.
Your spell library contained the following spells:

 Spells                   Type           Power      Damage    Failure   Level
 Blink                    Tloc           16%        N/A       17%         2
 Gell's Gravitas          Tloc           8%         N/A       34%         3
 Lesser Beckoning         Tloc           8%         N/A       34%         3
 Teleport Other           Tloc           8%         N/A       34%         3
 Manifold Assault         Tloc           8%         N/A       97%         5

Inventory:

Hand Weapons
 b - a +0 flail
 Y - a +0 hand axe (weapon)
Armour
 f - a +0 leather armour of fire resistance (worn)
 j - a +2 pair of gloves of infusion
Scrolls
 d - a scroll of acquirement {unknown}
 i - a scroll of identify
Potions
 a - 2 potions of brilliance {unknown}
 c - a potion of lignification {unknown}
 e - a potion of mutation {unknown}
 g - a potion of might {unknown}
 h - a potion of invisibility {unknown}
 k - a potion of flight {unknown}

Dungeon Overview and Level Annotations

Branches:
Dungeon (3/15)

Altars:


Message History

You hit the orc. Your peck misses the orc.
The orc is heavily wounded.
The orc hits you with a +0 club.
You hit the orc.
You kill the orc!
An orc comes into view. It is wielding a +0 hand axe.
The orc wizard hits you with a +0 dagger.
An orc comes into view. It is wielding a +0 club.
Things that are here:
a +0 club; a +0 leather armour You completely miss the orc wizard.
The orc shouts!
Your kick misses the orc wizard. Your peck misses the orc wizard.
You hear a shout!
The orc wizard hits you with a +0 dagger.
You hit the orc wizard.
The orc wizard is lightly wounded.
The orc wizard casts a spell.
The orc wizard flickers and vanishes!
Deactivating autopickup; reactivate with Ctrl-A.
3129 ||| FLEEEEING.
Something hits you.
You slash the orc!
You kill the orc!
You closely miss something. Something hits you.
You hit the orc but do no damage. You hit something but do no damage.
Something hits you but does no damage. The orc hits you with a +0 hand axe.
You closely miss the orc. You miss something.
Something hits you but does no damage. The orc hits you with a +0 hand axe.
You hit the orc. Your peck misses the orc.
The orc is lightly wounded.
You miss something. Something hits you but does no damage.
The orc closely misses you.
You hit the orc but do no damage. You peck the orc.
The orc is almost dead.
You closely miss something.
An orc comes into view. It is wielding a +0 dagger.
Something hits you. The orc hits you with a +0 hand axe.
You die...

....... . ........ ...+
##.#.#.#.....
##.#.#.#....###
...............
##.#.#.#.......
.............#.####
##...#.#....)#....#
##.....#..<..##.@)#
.....#.#.....##.o{####.
##.###.#...........o.o..
##.###.##.......^.......
.......##.......####.###
##.###.##..#.#### .#
##.###.##..#.# #
.............#
...........###


You could see 2 orcs.

Vanquished Creatures
  An adder (D:3)
  2 dart slugs
  A worm (D:2)
  2 orcs (D:3)
  5 endoplasms
  7 giant cockroaches
  4 goblins
  3 hobgoblins
  5 jackals (D:2)
  4 kobolds
  A quokka (D:2)
  5 ball pythons
  5 bats
  4 frilled lizards
  4 rats
53 creatures vanquished.

Notes
Turn   | Place    | Note
-------+----------+-------------------------------------------
     0 | D:1      | qw the Tengu Warper began the quest for the Orb.
     0 | D:1      | Reached XP level 1. HP: 12/12 MP: 4/4
     0 | D:1      | 0 ||| qw: Version: 0.1-a-89-g26bdef1
     0 | D:1      | 0 ||| qw: Game counter: 1627
     0 | D:1      | 0 ||| qw: Always use a shield: true
     0 | D:1      | 0 ||| qw: God list: Okawaru
     0 | D:1      | 0 ||| qw: Allow faded altars: false
     0 | D:1      | 0 ||| qw: Do Orc after D:15 true
     0 | D:1      | 0 ||| qw: Do second Lair branch before Depths: true
     0 | D:1      | 0 ||| qw: Lair rune preference: random
     0 | D:1      | 0 ||| qw: Plans: Normal
     0 | D:1      | 0 ||| PLANNING D:1-11
   248 | D:1      | Reached XP level 2. HP: 17/17 MP: 6/6
   283 | D:1      | Reached skill level 3 in Axes
   954 | D:1      | Reached XP level 3. HP: 19/21 MP: 7/7
  1013 | D:1      | Found a faded altar of an unknown god.
  1135 | D:1      | 1135 ||| READING scroll labelled XIR RAF WEPSO.
  1256 | D:1      | 1256 ||| READING 2 scrolls labelled KOYSHRI YP ZIL.
  1257 | D:1      | 1257 ||| READING scroll labelled ADUWKEY YTUD.
  1258 | D:1      | 1258 ||| READING 2 scrolls labelled GAKOMP ULOGH.
  1259 | D:1      | 1259 ||| DROPPING scroll of blinking.
  1260 | D:1      | 1260 ||| DROPPING scroll of immolation.
  1555 | D:2      | Reached skill level 4 in Axes
  1669 | D:2      | 1669 ||| Stepping ~*~*~tactically~*~*~ (stealth).
  1921 | D:2      | 1921 ||| Stepping ~*~*~tactically~*~*~ (stealth).
  1923 | D:2      | 1923 ||| Stepping ~*~*~tactically~*~*~ (stealth).
  2233 | D:2      | Reached XP level 4. HP: 26/26 MP: 8/8
  2504 | D:2      | 2504 ||| UPGRADING to +0 leather armour of fire resistance.
  2514 | D:2      | 2514 ||| DROPPING +0 leather armour.
  2515 | D:2      | 2515 ||| READING 2 scrolls labelled CODDEL DOPEL.
  2516 | D:2      | 2516 ||| READING scroll labelled TIOSEA ALEK.
  2519 | D:2      | 2519 ||| DROPPING scroll of amnesia.
  2550 | D:3      | 2550 ||| DROPPING +0 mace.
  2626 | D:3      | 2626 ||| Stepping ~*~*~tactically~*~*~ (hiding).
  3120 | D:3      | 3120 ||| Stepping ~*~*~tactically~*~*~ (stealth).
  3121 | D:3      | 3121 ||| Stepping ~*~*~tactically~*~*~ (stealth).
  3123 | D:3      | 3123 ||| Stepping ~*~*~tactically~*~*~ (stealth).
  3129 | D:3      | 3129 ||| FLEEEEING.
  3132 | D:3      | HP: 3/26 [orc/+0 hand axe (5)]
  3134 | D:3      | Slain by an orc

Levels and vault maps discovered:
D:1:      saegor_arrival_simple_a, layout_loops_corners, basic_ecumenical_altar,
          serial_bayou_crossing
D:2:      layout_basic, minivault_5, st_stairs_5, minmay_tromino_v4_b
D:3:      layout_basic, evilmike_ruin_ashenzari, mainiacjoe_overflow_alcove_2,
          grunt_temple_overflow_champion_of_chaos

Skill      XL: |  1  2  3 |
---------------+----------+-----
Axes           | 3 4 |  4.9
Fighting       | |  2.0
Throwing       | |  1.0
Armour         | |  1.1
Dodging        | |  2.1
Spellcasting   | |  2.0
Translocations | |  2.4

Action                   |  1- 3 |  4- 6 || total
-------------------------+-------+-------++-------
Melee: Hand axe          |    95 |    32 ||   127
       Kick              |    24 |     8 ||    32
       Peck              |    12 |     4 ||    16
       Punch             |     1 |       ||     1
Throw: Boomerang         |     7 |       ||     7
  Use: Scroll            |     4 |     2 ||     6
Armor: Leather armour    |    30 |     6 ||    36
Dodge: Dodged            |    54 |    24 ||    78

Table legend:
 A = Non-vault XP
 B = Vault XP
 C = Vault XP percentage of total XP
 D = Non-vault monster count
 E = Vault monster count
 F = Vault count percentage of total count
                 A         B        C        D         E       F
            +---------+---------+-------+---------+---------+-------
      Total |     105 |       7 |   6.2 |      50 |       3 |   5.7
            +---------+---------+-------+---------+---------+-------
        D:1 |      38 |       0 |   0.0 |      23 |       0 |   0.0
        D:2 |      37 |       7 |  15.9 |      19 |       3 |  13.6
        D:3 |      30 |       0 |   0.0 |       8 |       0 |   0.0
            +---------+---------+-------+---------+---------+-------
